[Event "Late-Titled-Tuesday-Blitz-September-19-2023"]
[Site "Chess.com"]
[Date "2023.09.19"]
[Round "11"]
[White "szefru"]
[Black "andrzej"]
[Result "1/2-1/2"]
[WhiteElo "2336"]
[BlackElo "2474"]
[TimeControl "180+1"]
[EndTime "16:06:22 PDT"]
[Termination "Game drawn - insufficient material"]

1. e4 e5 2. Nf3 Nf6 3. Nc3 Bb4 4. Bc4 Bxc3 5. dxc3 d6 6. Bg5 Nbd7 7. O-O h6 8.
Be3 O-O 9. Bd3 Re8 10. c4 Nc5 11. Bxc5 dxc5 12. h3 Nh7 13. Qd2 Qf6 14. Qe3 b6 15. a3 a5 16. b4 axb4 17. axb4 Rxa1 18. Rxa1 cxb4 19. c5 bxc5 20. Qxc5 Bxh3 21. Qxc7 Qg6 22. Ne1 Ng5 23. Kh2 Bg4 24. Ra7 Qf6 25. Kg1 Ne6 26.
Qd7 Rd8 27. Qb7 Nf4 28. f3 Be6 29. Qxb4 Qg5 30. Qe7 Rb8 31. Qxg5 hxg5 32. Kf2 Rb2 33. Rc7 Kf8 34. g3 Ng6 35. Ke3 Ke8 36. Rc5 f6 37. Kd2 Rb8 38. c4 Ne7 39. Rc7 Rd8 40. Ke3 Bd7 41. c5 Nc6 42. Bb5 Nd4 43. Bxd7+ Rxd7 44. Rxd7 Kxd7 45. Nd3 Kc6 46. f4 gxf4+ 47. gxf4 Ne6 48. fxe5 fxe5 49. Nxe5+ Kxc5 50. Nf7 g5 51. Kd3 g4 52.
Ne5 g3 53. Ke3 Kd6 54. Nf7+ Ke7 55. Nh6 Nc5 56. Nf5+ Kf6 57. Nxg3 Nxe4 1/2-1/2

[Event "Late-Titled-Tuesday-Blitz-September-19-2023"]
[Site "Chess.com"]
[Date "2023.09.19"]
[Round "11"]
[White "jefferyx"]
[Black "ChessWarrior7197"]
[Result "1/2-1/2"]
[WhiteElo "3007"]
[BlackElo "3063"]
[TimeControl "180+1"]
[EndTime "16:06:25 PDT"]
[Termination "Game drawn - insufficient material"]

1. d4 d5 2. Nf3 Nf6 3. c4 e6 4. Nc3 a6 5. cxd5 exd5 6. Bg5 Be6 7. e3 Nbd7 8. Bd3 Bd6 9. O-O c6 10. Bf4 Qb8 11. Qd2 h6 12. h3 O-O 13. Rfe1 Re8 14. Rac1 Nh5 15. Bxd6 Qxd6 16. Na4 Nhf6 17. Nc5 Nxc5 18. dxc5 Qc7 19. Nd4 a5 20. Rb1 Bd7 21.
b3 Ne4 22. Bxe4 Rxe4 23. b4 axb4 24. Rxb4 Bc8 25. a4 Qe7 26. Rc1 h5 27. a5 Qf6 28.
Rb6 Kh7 29. Ra1 Qg6 30. Kf1 Qf6 31. Qd1 g6 32. Ra3 Qe7 33. Qc2 Qc7 34. Kg1 Bd7 35.
a6 Rxa6 36. Rbxa6 bxa6 37. Rxa6 Re8 38. Qa2 Rb8 39. Ra7 Rb7 40. Rxb7 Qxb7 41. Qa5 Qb1+ 42. Kh2 Qb8+ 43. Kg1 Qb1+ 44. Kh2 Qb8+ 45. f4 Qe8 46. Qc3 f6 47. Nf3 Qe7 48. Qd4 Bf5 49. Nd2 g5 50. fxg5 fxg5 51. Nf3 Bd7 52. Qe5 Qxe5+ 53. Nxe5 Be8 54.
h4 gxh4 55. Kh3 Kg7 56. Kxh4 Kf6 57. Nf3 Kf5 58. Nd2 Ke5 59. Kg5 Bf7 60. g3 Be8 61. g4 hxg4 62. Kxg4 Bd7+ 63. Kf3 d4 64. Nc4+ Kd5 65.
Nb6+ Kxc5 66. Nxd7+ Kd6 67. exd4 Kxd7 68. Ke4 Kd6 69.
Kd3 Kd5 70. Kc3 c5 71. dxc5 Kxc5 1/2-1/2

[Event "Late-Titled-Tuesday-Blitz-September-19-2023"]
[Site "Chess.com"]
[Date "2023.09.19"]
[Round "11"]
[White "amanmuhammethommadov"]
[Black "farzadbfd"]
[Result "1-0"]
[WhiteElo "2592"]
[BlackElo "2683"]
[TimeControl "180+1"]
[EndTime "16:06:31 PDT"]
[Termination "amanmuhammethommadov won by checkmate"]

1. e4 e5 2. Nf3 Nc6 3. Bb5 a6 4. Ba4 Nf6 5. O-O d6 6. c3 Bd7 7. d3 g6 8. Re1 Bg7 9. Nbd2 O-O 10.
Nf1 Nh5 11. Ng3 Nxg3 12. hxg3 h6 13. d4 Kh7 14. Be3 Qe7 15. dxe5 dxe5 16. Qc2 b5 17. Bb3 Na5 18. Rad1 Nxb3 19. axb3 Be6 20. b4 Rfd8 21. Nd2 a5 22. bxa5 Rxa5 23. Nb3 Raa8 24. Nc5 Bg4 25. f3 Be6 26. Ra1 h5 27. Qe2 Bc4 28. Qc2 Rxa1 29. Rxa1 Bh6 30. Qf2 Bf8 31. b3 Be6 32. Ra6 Rd1+ 33.
Kh2 Bc8 34. Ra8 Qd8 35. Nb7 Qd3 36. Rxc8 Qb1 37. Qg1 Rxg1 38. Bxg1 Bd6 39. b4 Qd3 40. Bc5 Bxc5 41. Nxc5 Qxc3 42. Rxc7 Qxb4 43. Rxf7+ Kg8 44. Rc7 Qa5 45. Rb7 b4 46. Nd3 Qa6 47. Rb8+ Kg7 48.
Nxb4 Qd6 49. Rb7+ Kh6 50. Nd5 Qc5 51. Nf6 Qf2 52. Rh7+ Kg5 53. Nd5 Qe1 54. Rh8 Qd1 55. f4+ exf4 56. gxf4+ Kg4 57. Ne3+ Kh4 58. Nxd1 Kg4 59.
Rg8 Kh4 60. e5 g5 61. e6 g4 62. g3# 1-0

[Event "Late-Titled-Tuesday-Blitz-September-19-2023"]
[Site "Chess.com"]
[Date "2023.09.19"]
[Round "11"]
[White "RIPOL"]
[Black "Chessdreamer2020"]
[Result "0-1"]
[WhiteElo "2415"]
[BlackElo "2538"]
[TimeControl "180+1"]
[EndTime "16:06:35 PDT"]
[Termination "Chessdreamer2020 won on time"]

1. d4 d6 2. e4 Nf6 3. Nc3 c6 4. a4 e5 5. Nge2 Nbd7 6. g3 Be7 7.
Bg2 O-O 8. O-O Re8 9. h3 Bf8 10.
f4 b6 11. dxe5 dxe5 12. f5 Ba6 13. Rf2 Bc5 14. Qe1 Qe7 15. Kh2 Bxf2 16. Qxf2 Qb4 17.
g4 h6 18. Bf3 Nc5 19. Qg2 Rad8 20. h4 Ncd7 21. g5 hxg5 22. hxg5 Nh7 23. b3 Bxe2 24. Nxe2 Qc5 25. c4 Ndf8 26. Ba3 Qe3 27. Rg1 g6 28. Bg4 Qxg5 29. Qh3 Rd2 30. Bxf8 Nxf8 31. fxg6 fxg6 32.
Be6+ Nxe6 33. Rxg5 Nxg5 34. Qg4 Nf7 35. Qxg6+ Kf8 36.
Qh5 Re6 37. Kg3 Rh6 38. Qg4 Ke7 39. Kf3 Rf6+ 40. Ke3 Rb2 41. Qh4 Rxb3+ 42. Kd2 Ke6 43. Ng3 Nd6 44. Nf5 Nxf5 45. exf5+ Rxf5 46. Qh6+ Rf6 47.
Qh8 Rb2+ 48. Kc3 Rbf2 49. c5 bxc5 50. Qe8+ Kf5 51. Qxc6 Rf4 52. Qc8+ Kg5 53. Qxc5 Rf3+ 54. Kb4 R6f4+ 55. Ka5 Rf5 56. Qe7+ Kg4 57. Qg7+ Rg5 58. Qxa7 e4+ 59. Kb4 e3 60. Qd7+ Kg3 61. Qe6 Rg4+ 62. Kb5 Rgf4 63. a5 Kf2 0-1

[Event "Late-Titled-Tuesday-Blitz-September-19-2023"]
[Site "Chess.com"]
[Date "2023.09.19"]
[Round "11"]
[White "Rital44"]
[Black "KaydenTroffChess"]
[Result "1-0"]
[WhiteElo "2591"]
[BlackElo "2758"]
[TimeControl "180+1"]
[EndTime "16:06:37 PDT"]
[Termination "Rital44 won by resignation"]

1. d4 Nf6 2. Bg5 d5 3. Nd2 Nbd7 4. e3 e5 5. dxe5 Nxe5 6. Ngf3 Ng6 7. Bd3 Be7 8. c4 O-O 9. O-O Be6 10. cxd5 Qxd5 11.
Bc4 Qd7 12. Bxe6 Qxe6 13. Nd4 Qd5 14. N2f3 h6 15. Bxf6 Bxf6 16. Rc1 c6 17. Qa4 Ne5 18.
Nxe5 Qxe5 19. b3 a5 20. Qc4 Rfc8 21. a4 Rd8 22. Rfd1 Qe7 23. g3 Rd5 24. Nf3 Rad8 25. Rxd5 Rxd5 26. Kg2 Rd7 27. Qc5 Qe4 28. Qxa5 g5 29. Rc4 Qb1 30. Nd4 Bxd4 31. Rxd4 Rxd4 32. exd4 Qxb3 33. Qd8+ Kg7 34. a5 Qb5 35. h3 Qd5+ 36.
Qxd5 cxd5 37. Kf3 Kf6 38. Ke3 Ke6 39. Kd3 Kd6 40. Kc3 Kc6 41. Kb4 f5 42. f4 gxf4 43. gxf4 Kd6 44. Kb5 Kc7 45. Kc5 Kb8 46. Kb6 Ka8 47.
Kc5 Ka7 48. Kxd5 Ka6 49. Ke6 Kxa5 50. d5 b5 51. d6 b4 52. d7 b3 53. d8=Q+ Kb4 54.
Qd1 Kc3 55. Qb1 b2 56. Kd5 Kd2 57. Kc4 Ke3 58. Kc3 Kxf4 59. Qxb2 Kg3 60. Qc1 f4 61.
Qf1 f3 62. Kd4 h5 63. Ke4 h4 64. Qxf3+ Kh2 65. Qf2+ Kxh3 66. Qe2 Kg3 67. Qf3+ Kh2 68.
Ke3 h3 69. Ke2 Kg1 70. Qg3+ Kh1 71. Qxh3+ Kg1 72. Qg3+ Kh1 73. Qf3+ Kg1 74. Kd2 Kh2 75. Qg4 Kh1 76. Ke2 1-0

[Event "Late-Titled-Tuesday-Blitz-September-19-2023"]
[Site "Chess.com"]
[Date "2023.09.19"]
[Round "11"]
[White "djano"]
[Black "artin10862"]
[Result "0-1"]
[WhiteElo "2634"]
[BlackElo "2916"]
[TimeControl "180+1"]
[EndTime "16:06:42 PDT"]
[Termination "artin10862 won on time"]

1. d4 g6 2. e4 Bg7 3. c3 d6 4.
Nf3 Nf6 5. Bd3 O-O 6. O-O Nc6 7.
Re1 e5 8. Nbd2 Qe7 9. h3 h6 10. Nf1 Nh5 11. d5 Nb8 12. Ng3 Nf6 13. c4 a5 14. Rb1 Na6 15. a3 Nc5 16. Bc2 a4 17. Be3 Bd7 18. Qd2 Kh7 19. Nh2 Ng8 20. Kh1 h5 21. Nf3 Bh6 22. Ng5+ Kg7 23. Rf1 h4 24. Ne2 f6 25. Nf3 Bxe3 26. Qxe3 f5 27.
exf5 gxf5 28. Nh2 f4 29. Qc3 Nf6 30. Ng1 Nfe4 31. Qe1 Bf5 32. Ngf3 Kh8 33. Rc1 Qg7 34. Rg1 Qh6 35. Nd2 Nxd2 36. Qxd2 Bd7 37. f3 Rf7 38. Ng4 Bxg4 39. fxg4 e4 40. Rgf1 Re8 41. Rce1 Re5 42. Qd4 Kg8 43. Re2 e3 44. Rf3 Qf6 45. Qc3 Re8 46.
Qb4 Qg5 47. Kh2 Re5 48. Qb5 Kg7 49. Qb4 Qe7 50. Qc3 Kg8 51. Qd4 Qf6 52. Qc3 Ree7 53. Qb4 Qe5 54. Qb5 Kg7 55. Qb4 Qd4 56. Rf1 f3 57. Rxf3 Rxf3 58. gxf3 Qf4+ 59. Kg1 Qg3+ 60. Rg2 e2 61. Rxg3 e1=Q+ 0-1

[Event "Late-Titled-Tuesday-Blitz-September-19-2023"]
[Site "Chess.com"]
[Date "2023.09.19"]
[Round "11"]
[White "campochess"]
[Black "Taran2004"]
[Result "0-1"]
[WhiteElo "2205"]
[BlackElo "2438"]
[TimeControl "180+1"]
[EndTime "16:06:44 PDT"]
[Termination "Taran2004 won on time"]

1. e4 c6 2. Nc3 d5 3. Nf3 dxe4 4.
Nxe4 Nf6 5. Ng3 Bg4 6. h3 Bxf3 7.
Qxf3 e6 8. Qb3 Qb6 9. d4 Nbd7 10. Qxb6 axb6 11. Bd3 Nd5 12. c3 N7f6 13. O-O Bd6 14.
Ne4 Nxe4 15. Bxe4 Nf6 16. Bc2 O-O 17. Bg5 Nd5 18. Rfe1 h6 19. Bd2 b5 20. a3 Nb6 21.
Re4 Nc4 22. Bc1 b4 23. Bd3 b5 24. cxb4 Bxb4 25. Bxc4 bxc4 26. Rb1 Bd6 27. Re2 Rfb8 28. Rc2 Ra4 29. Ra1 Rb3 30. Kf1 Rd3 31. Ke2 Rxd4 32.
Be3 Rd3 33. Rac1 Rb3 34. Bd4 e5 35. Be3 f6 36. Rxc4 Rxc4 37. Rxc4 Rxb2+ 38. Kd3 Bxa3 39. Rxc6 Rb7 40. h4 h5 41. Ke4 Kf7 42. Ra6 Be7 43. Kd5 Rb5+ 44. Kc4 Rb4+ 45. Kd3 Rxh4 46. Ra7 Ke6 47.
Ra6+ Kf5 48. Ra7 Bd6 49. Rxg7 Rg4 50. Rh7 h4 51. Rh5+ Kg6 52. Rh6+ Kg7 53. Rh5 Be7 54. Ke2 e4 55. Kf1 Kg6 56. Rd5 f5 57. Rd7 Kf6 58.
Bd4+ Ke6 59. Rb7 Rg8 60. Rb5 Rd8 61. Re5+ Kf7 62. Rxf5+ Kg6 63. Re5 Bf6 64. Re6 Rxd4 65. Ke2 Kf5 66. Re8 Ra4 67. Rc8 Ra2+ 68. Kf1 Ra1+ 69.
Ke2 Rg1 70. Rc5+ Be5 71. Rc8 Rxg2 72. Rf8+ Bf6 73. Ke3 h3 74. Rf7 Rg7 75. Rf8 Rh7 76. Ra8 h2 77. Ra5+ Be5 78. f4 exf3 0-1

[Event "Late-Titled-Tuesday-Blitz-September-19-2023"]
[Site "Chess.com"]
[Date "2023.09.19"]
[Round "11"]
[White "temus_galaktionov"]
[Black "Rodalquilar"]
[Result "1/2-1/2"]
[WhiteElo "2851"]
[BlackElo "2751"]
[TimeControl "180+1"]
[EndTime "16:07:01 PDT"]
[Termination "Game drawn - insufficient material"]

1. d4 d5 2. Nf3 Nf6 3. c4 e6 4.
Nc3 a6 5. cxd5 exd5 6. Bg5 Be6 7. e3 Nbd7 8. Bd3 Bd6 9. O-O c6 10. h3 Qc7 11. Qd2 h6 12. Bf4 g5 13. Bxd6 Qxd6 14. Na4 Rg8 15. Ne1 g4 16. h4 g3 17. f4 Ne4 18. Qc2 f5 19. Nf3 Qe7 20. Rfc1 Ndf6 21. Nc5 Ng4 22. Qb3 Bc8 23. Re1 Nh2 24. Be2 Nxf3+ 25.
Bxf3 Qxh4 26. Qc2 Ke7 27. Kf1 Bd7 28. Ke2 Nf2 29. Nxb7 Rab8 30. Qc5+ Kf7 31. Qa7 Qe7 32. Bh5+ Kf6 33. Nc5 Be8 34. Qxe7+ Kxe7 35. Bxe8 Rxb2+ 36. Kf3 Rxe8 37. Re2 Rxe2 38. Kxe2 Rb8 39. Kf3 Ne4 40. Nxe4 dxe4+ 41. Kxg3 Rb2 42. Rh1 Re2 43. Rxh6 Rxe3+ 44. Kf2 Rc3 45. Rh5 Ke6 46. g4 fxg4 47. Re5+ Kf6 48.
Rxe4 Kf5 49. Re5+ Kxf4 50. Ra5 Rc2+ 51. Kf1 g3 52. Rxa6 Kf3 53. Ra3+ Kg4 54. Ra8 Rd2 55. Rc8 Rc2 56. d5 Rc1+ 57. Kg2 Rc2+ 58. Kg1 c5 59. d6 Rc1+ 60. Kg2 Rc2+ 61. Kg1 Rd2 62. Rxc5 Rxd6 63. Rc8 Rd2 64. a4 Ra2 65. Rg8+ Kf4 66. Rf8+ Ke4 67. Re8+ Kf3 68. Rf8+ Kg4 69. Rg8+ Kf5 70.
Rxg3 Ra1+ 71. Kg2 Rxa4 72. Rf3+ Ke5 73. Rf2 Rg4+ 74. Kf3 Rf4+ 75. Ke2 Rxf2+ 76. Kxf2 1/2-1/2

[Event "Late-Titled-Tuesday-Blitz-September-19-2023"]
[Site "Chess.com"]
[Date "2023.09.19"]
[Round "11"]
[White "azikom"]
[Black "whiteglovethief"]
[Result "1-0"]
[WhiteElo "2627"]
[BlackElo "2527"]
[TimeControl "180+1"]
[EndTime "16:07:05 PDT"]
[Termination "azikom won by resignation"]

1. c4 Nf6 2. Nc3 g6 3. e4 d6 4. d4 Bg7 5. f3 O-O 6. Bg5 Nbd7 7. Nh3 e5 8. d5 h6 9. Be3 Nc5 10. Nf2 a5 11. Qd2 h5 12. O-O-O Nfd7 13. g4 h4 14. Rg1 Nb6 15. Kb1 f6 16. Be2 g5 17.
Qc2 Bd7 18. Rc1 a4 19. Rgd1 Rf7 20. Nb5 Bf8 21. Nd3 Qb8 22. Nxc5 dxc5 23. Qd2 Bd6 24.
Qe1 Bxb5 25. cxb5 Nd7 26. a3 Qa7 27. h3 Qa5 28. Qf1 b6 29. Ka2 Kf8 30. Bd2 Qa7 31. Rc4 Qb7 32. Rdc1 Kg7 33. Bd1 Nf8 34. Rxa4 Rxa4 35.
Bxa4 Ng6 36. Bd1 Rf8 37. Rc4 Ra8 38. Ra4 Rxa4 39. Bxa4 Nf4 40. Bc2 Nxd5 41. exd5 Qxd5+ 42. Bb3 Qxd2 43. Qc4 e4 44. Qf7+ Kh6 45. Qxf6+ Kh7 46.
Qf7+ Kh6 47. Qe6+ Kh7 48. Qxe4+ Kg7 49. Bc2 Qd4 50. Qg6+ Kf8 51. Qf5+ Ke8 52. Qxg5 Be5 53. Qg8+ Kd7 54. Qf7+ Kc8 55. Qb3 Kb7 56. a4 Kb8 57.
Qa3 c4 58. Qb4 c3 59. Qxd4 Bxd4 60. b4 c5 61. bxc5 Kc7 62. c6 Kd6 63. Kb3 Be5 64. Kc4 Bf4 65. Kxc3 Bg5 66. Kc4 Bf6 67. Kd3 Bg5 68.
Bb3 Bf6 69. Ke4 Kc7 70. f4 Be7 71. g5 Bb4 72. f5 1-0

[Event "Late-Titled-Tuesday-Blitz-September-19-2023"]
[Site "Chess.com"]
[Date "2023.09.19"]
[Round "11"]
[White "Lady_Nika"]
[Black "jk13"]
[Result "1/2-1/2"]
[WhiteElo "2464"]
[BlackElo "2620"]
[TimeControl "180+1"]
[EndTime "16:07:35 PDT"]
[Termination "Game drawn by repetition"]

1. e4 e5 2. Nf3 Nc6 3. Bb5 a6 4. Bxc6 dxc6 5. O-O f6 6. d4 Bg4 7. dxe5 Qxd1 8. Rxd1 Bxf3 9. gxf3 fxe5 10. Nc3 Nf6 11.
Be3 Bd6 12. Kf1 Ke7 13. Ke2 Ke6 14. Na4 Raf8 15. Nc5+ Bxc5 16. Bxc5 Rf7 17. Rd3 Nh5 18. Be3 Rhf8 19. Bd2 Rf6 20. Rg1 g6 21. Rg5 Nf4+ 22. Bxf4 Rxf4 23. Rc3 Kd6 24. Rd3+ Ke6 25. Rc3 Kf6 26.
Rg3 Rh4 27. h3 Rd8 28. Rd3 Rd6 29. Ke3 g5 30. c4 Rxd3+ 31. Kxd3 c5 32. Ke3 h6 33.
Kd3 Ke6 34. Ke3 Rf4 35. Rg4 Rf7 36. h4 Kf6 37. hxg5+ hxg5 38. Rg1 Rd7 39. Rh1 Kg7 40. Rh5 Kg6 41. Rh8 a5 42. Re8 Kf6 43. Rf8+ Rf7 44. Rd8 b6 45. b3 Rh7 46. Rf8+ Ke6 47. Re8+ Kf6 48. Rf8+ Rf7 49. Rh8 Re7 50. Rh6+ Kg7 51. Rh5 Kg6 52. Rh8 Kg7 53. Rd8 Kg6 54. a3 Kf6 55. Kd3 Kg6 56. Ke3 Kh5 57. Rg8 Kh6 58. Rd8 Kg6 59. Rd1 Kf6 60. Rb1 Rh7 61. b4 cxb4 62.
axb4 axb4 63. Rxb4 Rh3 64. Ke2 Rh1 65. c5 bxc5 66. Rc4 Ke6 67. Rxc5 Rh7 68. Rc6+ Kd7 69. Rg6 Rh5 70. Kd3 Ke7 71. Kc4 Rh3 72. Rxg5 Rxf3 73.
Rxe5+ Kf6 74. Re8 Kf7 75. Rc8 Rxf2 76. Rxc7+ Ke6 77. Kd4 Rd2+ 78. Ke3 Ra2 79. Rc6+ Ke5 80. Rc5+ Ke6 81. Rb5 Ra1 82. Rb2 Re1+ 83. Re2 Ra1 84. Rf2 Re1+ 85. Kf4 Ra1 86. Rb2 Rf1+ 87. Ke3 Re1+ 88.
Kd4 Rd1+ 89. Ke3 Re1+ 1/2-1/2

[Event "Late-Titled-Tuesday-Blitz-September-19-2023"]
[Site "Chess.com"]
[Date "2023.09.19"]
[Round "11"]
[White "chessdjw"]
[Black "SpeedofLight0"]
[Result "0-1"]
[WhiteElo "2687"]
[BlackElo "3068"]
[TimeControl "180+1"]
[EndTime "16:07:55 PDT"]
[Termination "SpeedofLight0 won on time"]

1. d4 e6 2. Nf3 f5 3. g3 Nf6 4.
Bg2 g6 5. O-O Bg7 6. c4 O-O 7.
Nc3 d6 8. Qc2 Qe7 9. e4 e5 10.
Re1 f4 11. gxf4 Nc6 12. Nd5 Qf7 13. Ng5 Qd7 14. dxe5 dxe5 15. Bh3 Nd4 16. Qd3 Qd6 17. fxe5 Qxe5 18. f4 Qxg5+ 19. fxg5 Nxd5 20. Bxc8 Nb4 21. Qh3 Raxc8 22. Be3 Nf3+ 23. Kh1 Nc2 24. Bf2 Nfxe1 25. Rxe1 Nxe1 26. Bxe1 Rce8 27. Bg3 Rxe4 28. Qd7 Rfe8 29. Kg2 Bxb2 30. Qd5+ Kh8 31. Qxb7 Re2+ 32. Kh3 Be5 33.
Qxa7 Re7 34. a4 h5 35. gxh6 Kh7 36. a5 Re4 37. Qa8 Bd4 38. a6 R4e6 39. a7 c6 40. Qb8 Bxa7 41. Qc8 Bd4 42. Qd8 Be3 43. Qc8 Bxh6 44. Qa8 Bg5 45. Qc8 Bf6 46. Qa8 Kg7 47.
Qc8 Kf7 48. Qa8 Re8 49. Qb7+ R8e7 50. Qc8 Bg5 51. Qa8 Rf6 52. Qc8 Kg7 53. Kg4 Rf5 54.
Kh3 c5 55. Qc6 Bf6 56. Qc8 Bd4 57. Qc6 Be5 58. Kg4 Bxg3 59. hxg3 Rfe5 60. Qd6 Re4+ 61.
Kh3 R7e5 62. Qd7+ Kf6 63. Qd8+ Kf7 64. Qd7+ Kf6 65. Qd8+ Kg7 66. Qc7+ Kh6 67. Qf7 Re6 68. Qf8+ Kh7 69. Qxc5 R4e5 70. Qc7+ Re7 71. Qb6 R5e6 72. Qb5 Rc7 73. Qb3 Rec6 74. Qe3 Rxc4 75. Qe6 Kg7 76. Qd6 R4c5 77. Qe6 Rf7 78. Qd6 Rcf5 79. Qd4+ R5f6 80. g4 Kh6 81. Qd2+ Rf4 82. Kg3 Kg5 83. Qe3 Rf6 84. Qe5+ Kh6 85. g5+ Kg7 86.
gxf6+ Rxf6 87. Kg4 Kf7 88. Qc7+ Kf8 89. Kg5 Re6 90. Qd7 Re7 91. Qd6 Kf7 92. Qxg6+ Kf8 93. Qd6 Kf7 94. Qd5+ Kg7 95. Qd4+ Kf7 96. Kf5 Ke8 97.
Qd5 Rd7 98. Qc6 Kd8 99. Ke5 Re7+ 100. Kf6 Rc7 101. Qb6 Kd7 102. Kf7 Rc6 103. Qb7+ Kd6 0-1